 Dungeon Crawl Stone Soup version 0.24.0-13-gcf9b319 (webtiles) character file.

Game seed: 14207888786163995212, levelgen mode: deterministic

64500 Fang the Fighter (level 15, -2/99 HPs)
             Began as a Gargoyle Berserker on Dec 2, 2019.
             Was the Champion of Trog.
             Slain by a sun demon (6 damage)
             ... summoned by an orc sorcerer
             ... while paralysed by an orc sorcerer
             ... on level 13 of the Dungeon.
             The game lasted 00:23:07 (17469 turns).

Fang the Fighter (Gargoyle Berserker)              Turns: 17469, Time: 00:23:08

Health: -2/99      AC: 25    Str: 41    XL:     15   Next: 13%
Magic:  0/15       EV:  2    Int: 14    God:    Trog [******]
Gold:   903        SH:  0    Dex:  9    Spells: 14/14 levels left

rFire    + . .     SeeInvis +   K - +5 war axe of the Trees {flame, MR- Str+6 Int+4}
rCold    . . .     Gourm    .   h - +0 shield of Fiamp {Str+10}
rNeg     + . .     Faith    .   b - +3 plate armour {rF+}
rPois    ∞         Spirit   +   (no helmet)
rElec    +         Reflect  +   I - scarf {Spirit}
rCorr    +         Harm     .   (no gloves)
MR       .....                  (no boots)
Stlth    ..........             J - +4 amulet of reflection
HPRegen  0.26/turn              g - ring of resist corrosion
MPRegen  0.14/turn              C - ring of see invisible

@: paralysed, flying, studying Shields
A: big wings, deformed body, negative energy resistance 1, electricity
resistance, unbreathing, petrification resistance, rot immunity, AC +11
a: Stop Flying, Berserk, Trog's Hand, Brothers in Arms, Renounce Religion


You were on level 13 of the Dungeon.
You worshipped Trog.
Trog was exalted by your worship.
You were hungry.

You visited 3 branches of the dungeon, and saw 20 of its levels.
You visited 1 bazaar.
You also visited: Bailey and Gauntlet.

You collected 1648 gold pieces.
You spent 745 gold pieces at shops.

Inventory:

Hand Weapons
 a - a +4 war axe
 d - a +2 broad axe of chopping
 j - a +4 broad axe of freezing
 m - a +0 war axe of electrocution
 K - the +5 war axe of the Trees (weapon) {flame, MR- Str+6 Int+4}
   (You acquired it on level 3 of the Lair of Beasts)

   It has been specially enchanted to burn those struck by it, causing extra
   injury to most foes and up to half again as much damage against particularly
   susceptible opponents.
   Big, fiery blades are also staple armaments of hydra-hunters.
   It affects your strength (+6).
   It affects your intelligence (+4).
   It affects your resistance to hostile enchantments.
Armour
 b - a +3 plate armour of fire resistance (worn)
 h - the +0 shield of Fiamp (worn) {Str+10}
   (You found it on level 9 of the Dungeon)

   It affects your strength (+10).
 r - the +0 cloak "Ysibu" {Dex+3}
   (You found it in a Gauntlet)

   It affects your dexterity (+3).
 I - a scarf of spirit shield (worn)
 O - the +1 plate armour "Fubreass" {rElec rC++ Str+4 Dex-3}
   (You found it on level 6 of the Lair of Beasts)

   It affects your strength (+4).
   It affects your dexterity (-3).
   It greatly protects you from cold.
   It insulates you from electricity.
Jewellery
 g - a ring of resist corrosion (left hand)
 n - an uncursed ring of protection from cold
 C - a ring of see invisible (right hand)
 J - a +4 amulet of reflection (around neck)
 M - a +3 ring of protection {unknown}
 P - an uncursed amulet of regeneration
Wands
 f - a wand of polymorph (21)
 o - a wand of disintegration (18)
 q - a wand of digging (5)
 x - a wand of flame (34)
 B - a wand of iceblast (13)
 D - a wand of random effects (80)
 F - a wand of scattershot (14)
 N - a wand of paralysis (8)
Scrolls
 e - 8 scrolls of identify
 p - 8 scrolls of teleportation
 u - 16 scrolls of remove curse
 v - 3 scrolls of blinking
 y - a scroll of holy word
 L - a scroll of fog
Potions
 i - 12 potions of curing
 l - 4 potions of heal wounds
 s - 4 potions of resistance
 t - 4 potions of ambrosia
 w - 6 potions of agility
 z - 2 potions of berserk rage
 A - 4 potions of haste
 E - 2 potions of cancellation
 G - 3 potions of mutation
Books
 k - a manual of Shields
Comestibles
 c - 26 rations


   Skills:
 + Level 13.5 Fighting
 + Level 11.6 Axes
 + Level 13.4 Armour
 + Level 10.6 Dodging
 + Level 13.5 Shields


You had 14 spell levels left.
You didn't know any spells.
Your spell library was empty.

Dungeon Overview and Level Annotations

Branches:
Dungeon (13/15)            Temple (1/1) D:5            Lair (6/6) D:10
 Shoals (0/4) Lair:2        Snake (0/4) Lair:4        Slime (0/5) Lair:5
    Orc (0/2) D:11         Bailey (visited)         Gauntlet (visited)
 Vaults: D:13-14

Altars:
Ashenzari
Dithmenos
Fedhas
Kikubaaqudgha
Makhleb
Nemelex Xobeh
Sif Muna
Trog
Uskayaw
Vehumet
Xom
Yredelemnul
Zin
The Shining One

Shops:
D:5 =   D:7 ?   D:8 !   D:9 *   D:11 ([   D:13 }*(

Annotations:
Lair:3 exclusion: oklob plant


Innate Abilities, Weirdness & Mutations

You are resistant to torment.
Your stone body is resilient. (AC +11)
You are immune to poison.
Your large and strong wings let you fly indefinitely.
You resist negative energy. (rN+)
You are resistant to electric shocks. (rElec)
You can survive without breathing.
You are immune to petrification.
You are immune to rotting.
Armour fits poorly on your strangely shaped body.


Message History

The red devil hits you from afar with a +0 trident!
The orc sorcerer points at you and mumbles some strange words.
You suddenly lose the ability to move!
The yaktaur unwields a +0 arbalest.
The yaktaur hits you! The sun demon hits you!
You are engulfed in flames!
You resist.
* * * LOW HITPOINT WARNING * * *
The red devil hits you but does no damage.
The orc sorcerer gestures wildly while chanting.
The sun demon hits you!
* * * LOW HITPOINT WARNING * * *
You are engulfed in flames!
You resist.
* * * LOW HITPOINT WARNING * * *
The yaktaur hits you but does no damage.
The red devil hits you from afar with a +0 trident.
* * * LOW HITPOINT WARNING * * *
The orc sorcerer hits you but does no damage.
The sun demon hits you.
* * * LOW HITPOINT WARNING * * *
You are engulfed in flames!
You resist.
You die...

########+## #####
#(..4...... #...##
#.33c...... #'#..#
#..@o......
##.##.#
##(####.#.#
#...#(## #...#
#.[.#..# #...#
#...#..# #...# ...
##.##(.#
####))###+++###pp#
####...#
#.≈≈≈≈≈≈≈...≈≈≈≈≈≈
#......#
#.≈≈≈≈≈≈≈...≈≈≈≈≈≈
#......#
##.≈≈≈≈≈≈...≈≈≈≈≈≈


You could see a sun demon, a yaktaur, a sixfirhy, an orc sorcerer and a red
devil.

Vanquished Creatures
  Rupert (Lair:4)
  A dire elephant (Gauntlet)
  A minotaur (Gauntlet)
  Snorg (Lair:4)
  Fannar (D:11)
  The ghost of Fang the Fighter, a journeyman GrBe of Trog (Lair:2)
  6 hydras
  A merfolk avatar (Lair:6)
  A tengu warrior (D:13)
  Nergalle (Lair:2)
  Sonja (Lair:1)
  2 unseen horrors
  A wizard (D:13)
  2 harpies (Lair:6)
  2 orc knights (D:13)
  2 ugly things
  A deep elf mage (D:12)
  4 manticores
  Maurice (D:8)
  4 slime creatures (D:13)
  2 guardian serpents (D:10)
  A rust devil (Gauntlet)
  13 elephants
  2 black mambas
  2 gargoyles
  11 spiny frogs
  5 centaur skeletons
  4 rime drakes
  A yaktaur (D:13)
  7 komodo dragons
  2 trolls (D:12)
  3 meliai (D:13)
  26 blink frogs
  13 hippogriffs
  A hornet (Lair:6)
  2 polar bears
  Sigmund (D:4)
  A ynoxinul (Gauntlet)
  2 wraiths
  A vampire (D:9)
  2 basilisks
  5 wyverns
  3 chaos spawn (Gauntlet)
  50 yaks
  A hungry ghost (D:7)
  A neqoxec (Gauntlet)
  Edmund (D:4)
  5 nagas (Lair:4)
  An acid dragon (D:13)
  8 water moccasins
  7 porcupines
  5 orc warriors
  3 ice beasts
  4 sky beasts
  2 eyes of draining (D:8)
  2 phantoms (D:11)
  14 wolves
  5 centaurs
  6 ogres
  14 crocodiles
  13 bullfrogs
  2 big kobolds
  3 scorpions
  15 killer bees
  2 wights
  A howler monkey (D:7)
  4 crimson imps
  A bullfrog zombie (D:7)
  2 centaur zombies
  2 quasits
  7 hounds
  4 orc priests
  4 bullfrog skeletons
  A gnoll shaman (D:7)
  16 jellies
  9 orc wizards
  An iron imp (Gauntlet)
  5 iguanas
  18 worker ants
  A killer bee zombie (D:8)
  A hound skeleton (D:10)
  A hound zombie (D:7)
  A howler monkey zombie (D:7)
  A worker ant zombie (D:5)
  10 gnolls
  16 adders
  A shadow imp (D:8)
  2 oozes
  An adder zombie (D:9)
  2 adder skeletons
  2 worms
  2 dart slugs
  4 leopard geckos
  45 orcs
  A ball python (D:2)
  12 bats
  2 bat zombies (D:9)
  5 giant cockroaches
  10 goblins
  11 hobgoblins
  8 jackals
  13 kobolds
  3 quokkas
  6 frilled lizards
  2 jackal skeletons
  A leopard gecko skeleton (D:8)
  2 quokka skeletons
  8 rats
  2 rat zombies (D:9)
  A fungus (Lair:5)
  6 plants
567 creatures vanquished.

Vanquished Creatures (collateral kills)
  A hydra (D:12)
  An ugly thing (D:12)
  3 elephants (Gauntlet)
5 creatures vanquished.

Vanquished Creatures (others)
  4 centaurs (D:12)
  2 plants
6 creatures vanquished.

Grand Total: 578 creatures vanquished

Notes
Turn   | Place    | Note
-------+----------+-------------------------------------------
     0 | D:1      | Fang the Gargoyle Berserker began the quest for the Orb.
     0 | D:1      | Reached XP level 1. HP: 14/14 MP: 1/1
   177 | D:1      | Reached XP level 2. HP: 19/19 MP: 2/2
   371 | D:1      | You fall into a shaft and drop 1 floor!
   427 | D:2      | Reached XP level 3. HP: 23/23 MP: 3/3
   655 | D:2      | Reached ** piety under Trog
   675 | D:2      | Noticed a bullfrog
   679 | D:2      | Killed a bullfrog
   679 | D:2      | Reached XP level 4. HP: 29/29 MP: 4/4
   743 | D:2      | Reached XP level 5. HP: 30/33 MP: 5/5
  1055 | D:2      | Reached XP level 6. HP: 38/39 MP: 6/6
  2537 | D:3      | Reached *** piety under Trog
  2773 | D:4      | Reached skill level 5 in Fighting
  2810 | D:4      | Reached XP level 7. HP: 25/44 MP: 7/7
  2841 | D:4      | Found a glowing silver altar of Zin.
  3146 | D:4      | Noticed Edmund
  3160 | D:4      | Killed Edmund
  3456 | D:4      | Noticed Sigmund
  3462 | D:4      | Reached skill level 5 in Armour
  3472 | D:4      | Killed Sigmund
  3472 | D:4      | Reached XP level 8. HP: 51/51 MP: 8/8
  3671 | D:4      | Found a burning altar of Makhleb.
  3721 | D:5      | Entered Level 5 of the Dungeon
  3848 | D:5      | Found Buheim's Jewellery Shoppe.
  3876 | D:5      | Reached skill level 5 in Axes
  3984 | D:5      | Found a hide-covered altar of Uskayaw.
  4043 | D:5      | Found a staircase to the Ecumenical Temple.
  4088 | Temple   | Entered the Ecumenical Temple
  4310 | D:5      | You fall into a shaft and drop 3 floors!
  4377 | D:8      | Noticed Maurice
  4395 | D:8      | Killed Maurice
  4395 | D:8      | Reached skill level 5 in Dodging
  4395 | D:8      | Reached XP level 9. HP: 57/57 MP: 9/9
  4402 | D:8      | Reached **** piety under Trog
  4431 | D:8      | Found a flagged portal.
  4453 | Bailey   | Entered a bailey
  4458 | Bailey   | Noticed an orc warlord
  4552 | D:8      | Found a glowing golden altar of the Shining One.
  4693 | D:8      | Found Mutoqar's Distillery.
  4881 | D:8      | Found a bloodstained altar of Trog.
  5458 | D:7      | Found a sparkling altar of Nemelex Xobeh.
  5473 | D:7      | Found Reovvex's Magic Scroll Shop.
  5559 | D:7      | Found a shattered altar of Ashenzari.
  5634 | D:7      | Reached XP level 10. HP: 64/64 MP: 10/10
  6011 | D:7      | Received a gift from Trog
  6350 | D:6      | Found a basalt altar of Yredelemnul.
  6594 | D:6      | Found a blossoming altar of Fedhas.
  6595 | D:6      | Found a shimmering altar of Xom.
  6595 | D:6      | Found a shimmering blue altar of Sif Muna.
  6657 | D:6      | Found a glowing silver altar of Zin.
  6796 | D:6      | Found a radiant altar of Vehumet.
  7126 | D:5      | Found a shadowy altar of Dithmenos.
  7424 | D:9      | Found a basalt altar of Yredelemnul.
  7638 | D:9      | Found Patess's Assorted Antiques.
  7764 | D:9      | Found an ancient bone altar of Kikubaaqudgha.
  7984 | D:9      | Got a crude shield
  7990 | D:9      | Identified the +0 shield of Fiamp {Str+10} (You found it on
                  | level 9 of the Dungeon)
  8110 | D:10     | Entered Level 10 of the Dungeon
  8112 | D:10     | Noticed a guardian serpent
  8129 | D:10     | Killed a guardian serpent
  8202 | D:10     | Noticed an unseen horror
  8211 | D:10     | Killed an unseen horror
  8211 | D:10     | Reached skill level 1 in Shields
  8307 | D:10     | Reached ***** piety under Trog
  8330 | D:10     | Reached XP level 11. HP: 63/71 MP: 11/11
  8671 | D:10     | Found a staircase to the Lair.
  8934 | D:11     | Noticed an unseen horror
  8960 | D:11     | Killed an unseen horror
  9039 | D:11     | Reached skill level 10 in Fighting
  9436 | D:11     | Found Suviul's Weapon Emporium.
  9436 | D:11     | Found a staircase to the Orcish Mines.
  9436 | D:11     | Found Donack's Armour Emporium.
  9458 | D:11     | Received a gift from Trog
  9662 | D:11     | Found a shimmering altar of Xom.
  9728 | D:11     | Noticed Fannar
  9742 | D:11     | Killed Fannar
  9742 | D:11     | Reached skill level 10 in Armour
  9883 | D:11     | Noticed a green ugly thing
  9892 | D:11     | Killed a green ugly thing
 10059 | D:12     | Noticed a manticore
 10067 | D:12     | Killed a manticore
 10086 | D:12     | Reached skill level 5 in Shields
 10231 | D:12     | Reached XP level 12. HP: 74/78 MP: 12/12
 10242 | D:12     | Noticed a four-headed hydra
 10247 | D:12     | Killed a four-headed hydra
 10276 | D:12     | Found a gate leading to a gauntlet.
 10349 | Gauntlet | Entered a Gauntlet
 10349 | Gauntlet | Found a transporter.
 10349 | Gauntlet | Found a transporter.
 10353 | Gauntlet | Found a transporter.
 10353 | Gauntlet | Found a transporter.
 10373 | Gauntlet | Found a transporter.
 10381 | Gauntlet | Found a transporter.
 10385 | Gauntlet | Found a transporter.
 10393 | Gauntlet | Found a transporter.
 10403 | Gauntlet | Noticed a dire elephant
 10410 | Gauntlet | Found a transporter.
 10426 | Gauntlet | Found a transporter.
 10429 | Gauntlet | Found a transporter.
 10437 | Gauntlet | Found a transporter.
 10441 | Gauntlet | Noticed a death scarab
 10513 | Gauntlet | Gained mutation: Armour fits poorly on your strangely
                  | shaped body. [a neqoxec]
 10618 | Gauntlet | Killed a dire elephant
 10638 | Gauntlet | Got an encrusted cloak
 10644 | Gauntlet | Identified the cursed +0 cloak "Ysibu" {Dex+3} (You found
                  | it in a Gauntlet)
 10749 | Gauntlet | Noticed a minotaur
 10763 | Gauntlet | Killed a minotaur
 11181 | Lair:1   | Entered Level 1 of the Lair of Beasts
 11461 | Lair:1   | Identified 3 scrolls of acquirement
 11490 | Lair:1   | Noticed a six-headed hydra
 11492 | Lair:1   | Noticed Sonja
 11499 | Lair:1   | Killed a ten-headed hydra
 11501 | Lair:1   | Killed Sonja
 11770 | Lair:1   | Reached XP level 13. HP: 62/84 MP: 13/13
 12039 | Lair:2   | Found a runed translucent gate.
 12040 | Lair:2   | Found a runed translucent gate.
 12041 | Lair:2   | Found a runed translucent gate.
 12042 | Lair:2   | Noticed Fang's ghost (journeyman GrBe)
 12059 | Lair:2   | Reached skill level 10 in Axes
 12117 | Lair:2   | Noticed Nergalle
 12119 | Lair:2   | Found a staircase to the Shoals.
 12125 | Lair:2   | Killed Nergalle
 12792 | Lair:2   | Killed Fang's ghost
 12897 | Lair:3   | Reached skill level 10 in Shields
 12962 | Lair:3   | Got a smoking war axe
 12963 | Lair:3   | Identified the +5 war axe of the Trees {flame, MR- Str+6
                  | Int+4} (You acquired it on level 3 of the Lair of Beasts)
 13907 | Lair:4   | Noticed Rupert
 13912 | Lair:4   | Killed Rupert
 13964 | Lair:4   | Received a gift from Trog
 13967 | Lair:4   | Found a staircase to the Snake Pit.
 13979 | Lair:4   | Identified the +2 battleaxe "Vixkuxod" {freeze, +Blink
                  | rPois Str-2 Dex+5} (Trog gifted it to you on level 4 of the
                  | Lair of Beasts)
 14180 | Lair:4   | Noticed Snorg
 14193 | Lair:4   | Killed Snorg
 14193 | Lair:4   | Gained mutation: Your large and strong wings let you fly
                  | indefinitely. [Gargoyle growth]
 14193 | Lair:4   | Reached XP level 14. HP: 92/92 MP: 10/14
 15139 | Lair:5   | Reached skill level 10 in Dodging
 15238 | Lair:5   | Found a staircase to the Slime Pits.
 15612 | Lair:6   | Entered Level 6 of the Lair of Beasts
 15643 | Lair:6   | Received a gift from Trog
 15796 | Lair:6   | Got a spiked plate armour
 15807 | Lair:6   | Identified the +1 plate armour "Fubreass" {rElec rC++ Str+4
                  | Dex-3} (You found it on level 6 of the Lair of Beasts)
 16840 | D:13     | Reached ****** piety under Trog
 16879 | D:13     | Found a flickering gateway to a bazaar.
 16903 | D:13     | Found Zuedyt's Gadget Boutique.
 16940 | Bazaar   | Entered a bazaar
 16944 | Bazaar   | Found Fubace's Distillery.
 16950 | Bazaar   | Bought a potion of heal wounds for 70 gold pieces
 16962 | Bazaar   | Found Hiudwiud's Antique Weapon Emporium.
 16979 | Bazaar   | Found Xukoompu's Armour Boutique.
 16996 | Bazaar   | Found Riril's Antique Weapon Shoppe.
 17033 | Bazaar   | Bought a +3 plate armour of fire resistance for 675 gold
                  | pieces
 17210 | D:13     | Found Ejitovya's Antique Weapon Shoppe.
 17232 | D:13     | Reached XP level 15. HP: 99/99 MP: 10/15
 17337 | D:13     | Found Zoongal's Assorted Antiques.
 17467 | D:13     | Paralysed by an orc sorcerer for 6 turns
 17469 | D:13     | HP: 4/99 [sun demon[an orc sorcerer] (3)]
 17469 | D:13     | Slain by a sun demon

Levels and vault maps discovered:
D:1:      lightli_iron_boxes, layout_basic
D:2:      layout_basic, serial_rivers, chequers_serial_rivers_micro_c,
          chequers_serial_rivers_small_a, chequers_serial_rivers_micro_b,
          chequers_serial_rivers_large_a, chequers_serial_rivers_micro_b,
          chequers_serial_rivers_room_a, minmay_divided_ellipse
D:3:      layout_basic, minmay_misc_feat_tiny, kennysheep_generic_room_9
D:4:      layout_cave_pools, lightli_temple_of_fire, zin_academy, uniq_edmund,
          uniq_sigmund
D:5:      layout_loops_corners, lemuel_crystal_altar, kennysheep_mini_moat,
          minmay_temple_entry_waves, first_ration, serial_shops, shop
D:6:      layout_rooms, nicolae_overflow_hidden_temple,
          lemuel_coloured_pillars_altar,
          chequers_temple_overflow_statue_of_worship, basic_altar
D:7:      kennysheep_windowed_halls, layout_basic, lemuel_crystal_altar,
          serial_shops, shop, ashenzari_altar_1
D:8:      layout_rooms, lemuel_round_altar, trog_eyes_of_draining, serial_shops,
          nicolae_shop_statue_plus, enter_bailey_3, grunt_pizzeria, uniq_maurice
D:9:      layout_loops_ring, lemuel_zombie_altar_kikubaaqudgha, serial_shops,
          shop, yredelemnul_altar_generic
D:10:     nrook_guardian_serpent_snake_passage, layout_small_grid,
          dpeg_oklobed_lair, eino_tiny_chamber, chequers_serial_rivers_micro_b,
          minmay_diamond_spiral
D:11:     layout_irregular_city, orc_david_3, basic_altar, uniq_fannar
D:12:     layout_roguey, gauntlet_entry_generic
D:13:     layout_rooms, grunt_vaults_entry_fortified, serial_shops,
          bzr_entry_safe, shop, kennysheep_little_box, shop
Temple:   kb_temple_of_zot
Lair:1:   layout_big_grid, beast_lair_carwin_9, grunt_megastairs_5, uniq_sonja
Lair:2:   layout_concentric_octagons, minmay_shoals_entry_beasts,
          ebering_ghost_rock_garden, grunt_megastairs_3,
          infiniplex_staircase_pool_2, uniq_nergalle
Lair:3:   layout_small_grid, grunt_megastairs_4, minmay_lair_oklob_chamber
Lair:4:   layout_small_grid, minmay_snake_entry_guardpost_medium, minmay_holes,
          patterned_corridor, uniq_rupert, uniq_snorg
Lair:5:   layout_gridlike, minmay_slime_entry_jelly_boxes,
          chequers_serial_rivers_small_b, serial_bayou_pond_d
Lair:6:   gammafunk_lair_ancient_temple, layout_big_grid

Skill      XL: |  1  2  3  4  5  6  7  8  9 10 11 12 13 14 |
---------------+-------------------------------------------+-----
Axes           | 3 4 6 8 9 10 11 | 11.6
Dodging        | 2 3 5 7 8 9 10 | 10.6
Fighting       | 4 5 7 8 9 10 11 12 13 | 13.5
Armour         | 3 4 5 6 7 9 10 11 12 13 | 13.4
Shields        | 1 5 8 11 13 | 13.5

Action                   |  1- 3 |  4- 6 |  7- 9 | 10-12 | 13-15 || total
-------------------------+-------+-------+-------+-------+-------++-------
Melee: Hand axe          |   115 |   263 |   405 |     5 |       ||   788
       War axe           |       |       |       |   648 |   486 ||  1134
       Broad axe         |       |       |       |    71 |   119 ||   190
Invok: Berserk           |     1 |     1 |    10 |    11 |     6 ||    29
       Trog's Hand       |       |       |       |     3 |       ||     3
       Brothers in Arms  |       |       |       |     2 |       ||     2
 Abil: Fly               |       |       |       |       |     1 ||     1
  Use: Scroll            |       |       |       |    33 |     8 ||    41
  Eat: Chunk             |       |     9 |    14 |    27 |    17 ||    67
       Ration            |       |       |     1 |     3 |     2 ||     6
Armor: Animal skin       |    14 |       |       |       |       ||    14
       Plate armour      |    94 |   201 |   298 |   465 |   272 ||  1330
Dodge: Dodged            |    95 |   102 |   237 |   349 |   217 ||  1000
Block: Other             |     8 |    16 |    30 |    23 |       ||    77
       Reflection        |       |     1 |     1 |    15 |     9 ||    26
       Shield            |       |       |       |   387 |   570 ||   957
